Map: Echo of the past

Players

llllllllllll - Winner!

  • Race: Protoss Protoss
  • League: Diamond

RuffRiderz

  • Race: Terran Terran
  • League: Platinum

VOD

Have the link to the VOD?

Description

Time

  • Played on: Aug. 28, 2016, 12:23 p.m.
  • Length: 14:26
Show
View Real Time Build Order
Export as new Build Order

llllllllllll Protoss - Winner!

Build Orders: Cannon Rush 

Get SALT Encoding   

  12  0:01  Probe (Chrono Boost)  
  13  0:12  Probe (Chrono Boost)  
  14  0:18  Pylon  
  14  0:22  Probe (Chrono Boost)  
  15  0:36  Probe (Chrono Boost)  
  15  0:40  Forge  
  16  0:46  Probe (Chrono Boost)  
  18  0:57  Probe (Chrono Boost)  
  18  1:07  Probe (Chrono Boost)  
  19  1:17  Pylon  
  19  1:20  Pylon  
  19  1:35  Photon Cannon  
  19  1:38  Photon Cannon  
  19  1:40  Photon Cannon  
  19  1:44  Photon Cannon  
  18  1:54  Assimilator  
  18  1:58  Assimilator  
  18  2:03  Gateway  
  18  2:12  Probe (Chrono Boost)  
  18  2:13  Nexus  
  19  2:16  Pylon  
  19  2:36  Probe (Chrono Boost)  
  20  2:46  Probe (Chrono Boost)  
  20  2:49  Pylon  
  21  2:52  Zealot  
  21  2:53  Cybernetics Core  
  21  2:58  Probe (Chrono Boost)  
  24  3:08  Probe (Chrono Boost)  
  24  3:09  Pylon  
  25  3:19  Probe (Chrono Boost)  
  26  3:25  Zealot  
  28  3:43  Mothership Core (Chrono Boost)  
  30  3:52  Stalker  
  29  4:27  Probe (Chrono Boost)  
  29  4:28  Probe (Chrono Boost)  
  29  4:29  Stalker  
  33  4:35  Stargate  
  33  4:38  Probe (Chrono Boost)  
  34  4:41  Gateway  
  34  4:42  Pylon  
  34  4:43  Probe (Chrono Boost)  
  35  4:51  Pylon  
  35  4:54  Probe (Chrono Boost)  
  35  4:58  Probe (Chrono Boost)  
  37  5:06  Probe (Chrono Boost)  
  38  5:09  Probe (Chrono Boost)  
  39  5:16  Probe (Chrono Boost)  
  39  5:17  Oracle  
  39  5:20  Stalker  
  45  5:29  Robotics Facility  
  45  5:32  Probe (Chrono Boost)  
  44  5:42  Probe (Chrono Boost)  
  37  5:55  Oracle  
  37  5:56  Probe (Chrono Boost)  
  41  5:58  Probe (Chrono Boost)  
  41  5:59  Stalker  
  41  6:01  Stalker  
  46  6:07  Probe (Chrono Boost)  
  46  6:08  Probe (Chrono Boost)  
  43  6:29  Probe (Chrono Boost)  
  43  6:30  Oracle  
  47  6:33  Assimilator  
  47  6:35  Assimilator  
  47  6:39  Probe (Chrono Boost), Pylon  
  48  7:02  Stalker x2  
  48  7:04  Probe (Chrono Boost)  
  53  7:11  Probe (Chrono Boost)  
  53  7:15  Probe (Chrono Boost)  
  55  7:19  Oracle  
  55  7:22  Probe (Chrono Boost)  
  59  7:24  Pylon  
  59  7:25  Probe (Chrono Boost)  
  59  7:27  Pylon, Gateway  
  60  7:36  Probe (Chrono Boost)  
  61  7:42  Probe (Chrono Boost)  
  62  7:46  Probe (Chrono Boost)  
  62  7:48  Stalker x2  
  67  7:52  Probe (Chrono Boost), Pylon  
  67  7:55  Pylon  
  67  7:57  Probe (Chrono Boost)  
  69  8:07  Probe (Chrono Boost)  
  70  8:16  Probe (Chrono Boost), Robotics Bay  
  70  8:18  Probe (Chrono Boost)  
  73  8:27  Probe (Chrono Boost), Void Ray  
  73  8:28  Probe (Chrono Boost)  
  69  9:15  Colossus, Stalker x2  
  79  9:18  Void Ray  
  83  9:29  Probe (Chrono Boost)  
  84  9:40  Warp Gate  
  84  9:41  Nexus, Stalker  
  84  9:42  Pylon  
  84  9:43  Protoss Ground Armor Level 1  
  83  9:45  Stalker  
  86  9:52  Gateway  
  82  9:53  Gateway  
  82  10:05  Stalker  
  84  10:11  Stalker  
  84  10:12  Colossus  
  92  10:15  Stalker  
  92  10:19  Void Ray  
  98  10:35  Stalker  
  100  10:41  Stalker  
  99  11:09  Colossus  
  105  11:39  Void Ray  
  109  11:51  Assimilator  
  109  11:53  Probe (Chrono Boost), Assimilator  
  110  12:04  Probe (Chrono Boost)  
  111  12:08  Colossus  
  111  12:12  Stargate  
  117  12:16  Void Ray  
  117  12:17  Probe x2 (Chrono Boost)  
  117  12:19  Probe (Chrono Boost)  
  124  12:28  Probe (Chrono Boost)  
  126  12:31  Probe (Chrono Boost)  
  126  12:32  Pylon  
  126  12:35  Pylon  
  126  12:54  Void Ray  
  124  13:04  Stalker x5  
  140  13:56  Stalker  
Show
View Real Time Build Order
Export as new Build Order

RuffRiderz Terran 

Build Orders:  

Get SALT Encoding   

  12  0:00  SCV  
  13  0:13  SCV  
  14  0:17  Supply Depot  
  14  0:25  SCV  
  15  0:28  Refinery  
  15  0:39  SCV  
  16  0:45  Barracks  
  16  0:51  SCV  
  17  1:03  SCV  
  18  1:15  SCV  
  19  1:33  Supply Depot  
  19  1:34  Reaper  
  20  2:12  Orbital Command, Refinery  
  20  2:14  Reaper  
  21  2:26  Barracks x2  
  21  2:46  Reaper, SCV  
  23  2:54  Barracks  
  23  3:13  SCV  
  23  3:15  Reaper, Barracks  
  23  3:18  Reaper x2  
  27  3:47  Reaper  
  28  3:50  Reaper  
  24  4:25  Reaper x2  
  24  4:26  Reaper x3  
  29  4:43  Command Center  
  29  4:53  Supply Depot  
  29  4:55  Command Center  
  29  4:57  Reaper  
  29  4:58  Reaper  
  31  5:10  Engineering Bay  
  31  5:14  Reaper x2, SCV  
  31  5:16  Supply Depot  
  31  5:17  Reaper  
  35  5:29  Reaper  
  35  5:30  Reaper  
  34  5:55  Reaper x3  
  37  6:02  Reaper x2  
  29  6:26  Missile Turret  
  29  6:31  Missile Turret  
  29  6:34  Factory  
  27  6:40  Missile Turret  
  27  6:44  Missile Turret  
  27  6:45  Marine x2  
  28  7:02  Marine  
  28  7:03  Marine x4  
  33  7:15  SCV  
  33  7:16  SCV  
  35  7:24  Orbital Command  
  35  7:28  SCV x2  
  37  7:40  SCV x2, Marine  
  40  7:52  SCV x2  
  40  7:56  Starport  
  42  8:00  Factory Tech Lab  
  42  8:04  Barracks Reactor, Barracks Tech Lab  
  42  8:10  Barracks Reactor  
  42  8:11  Barracks Reactor  
  42  8:12  Barracks Tech Lab  
  42  8:14  SCV  
  42  8:15  SCV  
  45  8:23  Orbital Command  
  45  8:26  SCV  
  45  8:33  Missile Turret  
  29  8:48  Marine x2  
  29  8:49  Marine x6  
  34  8:56  Orbital Command  
  34  8:57  Orbital Command  
  27  9:06  Marine x3  
  27  9:07  Marine x2  
  32  9:17  Viking  
  34  9:29  Stimpack  
  34  9:44  SCV  
  34  9:45  SCV x2  
  37  9:47  Viking  
  27  9:57  SCV, Marine  
  27  9:58  Marine x6  
  27  9:59  Marine  
  34  10:10  SCV x2  
  34  10:11  SCV, Refinery  
  37  10:15  Marine  
  38  10:22  SCV  
  38  10:23  SCV  
  40  10:33  Missile Turret  
  40  10:44  SCV  
  40  10:45  SCV  
  41  10:57  SCV x2  
  40  11:01  Marauder x2  
  44  11:09  SCV x2  
  43  11:21  SCV  
  43  11:22  Marauder x2  
  43  11:24  Marine  
  40  11:36  SCV x2  
  40  11:39  Marine x2  
  44  11:43  Marauder  
  44  11:44  Marauder  
  48  11:47  Marine x2  
  48  11:48  Marine, SCV x2  
  48  11:51  Medivac  
  55  12:05  Marauder x2  
  59  12:18  SCV x2  
  59  12:20  Refinery  
  61  12:25  Marine  
  62  12:31  Command Center, Supply Depot  
  62  12:40  Marine  
  62  12:52  Marine x5, Medivac  
  69  13:24  Marauder  
  69  13:25  Medivac  
  69  13:26  Marauder  
  58  13:38  SCV x2  
  49  13:50  SCV  
  49  13:52  Marine x3  
  49  13:53  Marine x5  
  49  13:55  Viking  
Tags
 
Add a new tag
Caveats
  • Supply blocks, unpowered buildings, or Contaminate may cause inaccurate times.
  • Supply counts are checked every 10 seconds.